 Dungeon Crawl Stone Soup version 0.17.1-3-g152610e (webtiles) character file.

49 Nashkel the Charlatan (level 3, -3/31 HPs)
             Began as a Deep Dwarf Artificer on Feb 19, 2016.
             Was a Follower of Fedhas.
             Slain by a worm (10 damage)
             ... on level 3 of the Dungeon on Feb 20, 2016.
             The game lasted 00:18:42 (1987 turns).

Nashkel the Charlatan (Deep Dwarf Artificer)        Turns: 1987, Time: 00:18:42

Health: -3/31      AC: 10    Str: 14    XL:     3   Next: 53%
Magic:  6/6        EV: 12    Int: 12    God:    Fedhas [*.....]
Gold:   74         SH:  0    Dex: 14    Spells: 0 memorised, 2 levels left

rFire  . . .     SeeInvis .     a - +1 short sword (protect)
rCold  . . .     Clarity  .     p - +0 leather armour
rNeg   . . .     SustAt   .     (no shield)
rPois  .         Gourm    .     k - +0 helmet
rElec  .         Spirit   .     (no cloak)
rCorr  .         Warding  .     (no gloves)
rMut   .         Stasis   .     s - +0 pair of boots
MR     +....                    (no amulet)
Stlth  ++........               (no ring)
                                m - ring of protection from magic

@: non-regenerating, somewhat resistant to hostile enchantments, unstealthy
A: damage resistance, recharge devices, sense surroundings 1, slow regeneration
3
a: Device Recharging, Evolution, Renounce Religion


You were on level 3 of the Dungeon.
You worshipped Fedhas.
Fedhas was aware of your devotion.
You were not hungry.

You visited 1 branch of the dungeon, and saw 3 of its levels.

You collected 74 gold pieces.

Inventory:

Hand Weapons
 a - a +1 short sword of protection (weapon)
 b - a +0 hunting sling
Missiles
 h - 58 stones (quivered)
Armour
 k - a +0 helmet (worn)
 p - a +0 leather armour (worn)
 s - a +0 pair of boots (worn)
 x - a +0 plate armour
Jewellery
 m - a ring of protection from magic (left hand)
Wands
 c - a wand of flame (15)
 d - a wand of enslavement (15)
 e - a wand of random effects (15)
 f - a wand of heal wounds (5)
Potions
 o - a potion of cancellation
 q - 2 potions of haste
 t - a potion of flight
 u - a potion of brilliance {unknown}
 w - a potion of heal wounds {unknown}
Comestibles
 g - 2 bread rations
 i - a fruit
 j - a beef jerky


   Skills:
 - Level 1.0 Fighting
 - Level 1.1 Short Blades
 - Level 1.9 Slings
 - Level 1.8 Armour
 - Level 2.1 Dodging
 - Level 2.0 Stealth
 + Level 1.1 Invocations
 - Level 4.0 Evocations


You had 2 spell levels left.
You didn't know any spells.

Dungeon Overview and Level Annotations

Branches:
Dungeon (3/15)

Altars:
Fedhas


Innate Abilities, Weirdness & Mutations

You are resistant to damage.
You can recharge devices by infusing magical energy.
You passively map a small area around you.
You do not regenerate naturally.


Message History

Read which item? (? for menu, Esc to quit)
As you read the scroll labeled QEANTEMM SAST, it crumbles to dust.
You feel as if something is helping you.
It was a scroll of remove curse.
Wear which item? (? for menu, Esc to quit)
You start removing your armour.
You continue taking off your +0 plate armour. x4
You finish taking off your +0 plate armour.
You start putting on your armour.
You continue putting on your +0 leather armour. x5
You finish putting on your +0 leather armour.
Search for what [? for help]? armour You swap places.
You see here a plate armour.
The helpless worm fails to defend itself.
You puncture the worm!
The worm is heavily wounded.
The worm bites you!
You die...
Fedhas appreciates your contribution to the ecosystem.

......
#.#.....#
.....##..#....*
,*
#....##....## *
#..#..#..#..# *
*,#.###.§§###.#
*,
,#..#..§§§#..#
#....###§f..#
#..<...###..#
#.#.##.# #@##
.. ... .##w.# *
,## .#.## ##.##
#.#.. ,.. ** #
### ##.* #. ..
,.. *


You could see a worm and a friendly wandering mushroom.

Vanquished Creatures
  An adder (D:2)
  2 ball pythons
  3 giant cockroaches
  6 goblins
  3 hobgoblins
  4 kobolds
  6 bats
  2 giant geckos
  2 giant newts (D:1)
  4 rats
33 creatures vanquished.

Vanquished Creatures (collateral kills)
  A worm (D:2)
1 creature vanquished.

Vanquished Creatures (others)
  A toadstool (D:2)
1 creature vanquished.

Grand Total: 35 creatures vanquished

Notes
Turn   | Place    | Note
--------------------------------------------------------------
     0 | D:1      | Nashkel the Deep Dwarf Artificer began the quest for the Orb.
     0 | D:1      | Reached XP level 1. HP: 16/16 MP: 3/3
    30 | D:1      | Reached skill level 1 in Armour
    50 | D:1      | Reached skill level 1 in Fighting
    96 | D:1      | Reached skill level 1 in Short Blades
   244 | D:1      | Reached XP level 2. HP: 18/25 MP: 5/5
  1152 | D:2      | Reached skill level 1 in Slings
  1191 | D:2      | Reached XP level 3. HP: 8/31 MP: 6/6
  1602 | D:2      | Found a faded altar to an unknown god.
  1607 | D:2      | Became a worshipper of Fedhas Madash
  1607 | D:2      | Reached * piety under Fedhas
  1728 | D:2      | Reached skill level 1 in Invocations
  1987 | D:3      | Slain by a worm

Action                   || total
-------------------------++-------
Melee: Short sword       ||   143
 Fire: Hunting sling     ||    15
Invok: Evolution         ||     1
  Use: Scroll            ||     6
 Stab: Sleeping          ||     4
  Eat: Chunk             ||     3
